 Dungeon Crawl Stone Soup version 0.31-a0-940-gdaa99269f9 (webtiles) character file.

Game seed: 8464083529971341980

781 Dirtsage the Cleaver (level 7, -7/52 HPs)
             Began as a Demonspawn Fighter on Oct 20, 2023.
             Mangled by a two-headed ogre
             ... wielding a +0 giant club
              (15 damage)
             ... on level 5 of the Dungeon.
             The game lasted 00:07:54 (4200 turns).

Dirtsage the Cleaver (Demonspawn Fighter)           Turns: 4200, Time: 00:07:55

Health: -7/52      AC:  7    Str: 19    XL:     7   Next: 55%
Magic:  7/7        EV: 14    Int:  9    God:
Gold:   1116       SH:  4    Dex: 12    Spells: 6/6 levels left

rFire   . . .        a - +0 war axe
rCold   . . .        c - +0 buckler
rNeg    . . .        b - +0 scale mail
rPois   .            (helmet restricted)
rElec   .            (no cloak)
rCorr   .            g - +0 pair of gloves
SInv    .            (no boots)
Will    .....        (no amulet) Stlth
                     (no ring)
HPRegen 0.28/turn    (no ring)
MPRegen 0.10/turn

%: no passive effects
@: agile, studying 2 skills
A: horns 1, ignite blood 2, powered by pain 1
a: no special abilities


You were on level 5 of the Dungeon.
You visited 1 branch of the dungeon, and saw 5 of its levels.

You collected 1116 gold pieces.

Inventory:

Hand Weapons
 a - a +0 war axe (weapon)
Missiles
 f - 6 curare-tipped darts
Armour
 b - a +0 scale mail (worn)
 c - a +0 buckler (worn)
 g - a +0 pair of gloves (worn)
Wands
 s - a wand of polymorph (10)
Scrolls
 i - a scroll of identify
 j - a scroll of immolation {unknown}
 k - a scroll of amnesia {unknown}
 l - a scroll of fog {unknown}
 m - 2 scrolls of poison {unknown}
 o - a scroll of fear {unknown}
 q - 2 scrolls of noise
 t - a scroll of teleportation
 v - 2 scrolls of revelation {unknown}
Potions
 d - a potion of might
 e - a potion of attraction {unknown}
 h - a potion of lignification
 n - a potion of magic {unknown}
 p - a potion of degeneration {unknown}
 r - a potion of haste {unknown}
 u - a potion of brilliance {unknown}


   Skills:
 - Level 3.0 Fighting
 + Level 10.3 Axes
 - Level 2.6 Armour
 - Level 2.6 Shields


You had 6 spell levels left.
You didn't know any spells.
Your spell library contained the following spells:

 Spells                   Type           Power      Damage    Failure   Level
 Slow                     Hex            0%         N/A       83%         1
 Ensorcelled Hibernation  Hex/Ice        0%         N/A       93%         2
 Jinxbite                 Hex            0%         N/A       93%         2
 Confusing Touch          Hex            0%         N/A       99%         3
 Sigil of Binding         Hex            0%         N/A       99%         3
 Vampiric Draining        Necr           0%         2d6       99%         3
 Anguish                  Hex/Necr       0%         N/A       100%        4
 Alistair's Intoxication  Tmut/Pois      0%         N/A       100%        5
 Borgnjor's Vile Clutch   Necr/Erth      0%         N/A       100%        5
 Eringya's Noxious Bog    Tmut/Pois      0%         4d6       100%        6


Dungeon Overview and Level Annotations

Branches:
Dungeon (5/15)
 Temple: D:4-7

Altars:
Cheibriados
Gozag
Hepliaklqana
Kikubaaqudgha
Vehumet


Innate Abilities, Weirdness & Mutations

You have a pair of small horns on your head.
Your demonic aura often causes spilled blood to erupt in flames.
You sometimes gain a little power by taking damage.


Message History

The centaur barely misses you. You block the centaur's attack.
The centaur is engulfed in blazing flames.
You kill the centaur!
Your Axes skill increases to level 10!
Things that are here:
a +0 shortbow; a centaur corpse The mummy hits you but does no damage.
You hit the mummy. You headbutt the mummy.
The mummy is heavily damaged.
The mummy hits you.
You take 1 damage, and have 42/52 hp.
You slash the mummy!
You destroy the mummy!
Found a stone staircase leading up.
i - a scroll of identify;
v - 2 scrolls labelled VEHABAHUEGH Health restored: 52 You pick up a manual of Summonings and begin studying.
You hear the rusting of a very distant drain.
A two-headed ogre comes into view. It is wielding two +0 giant clubs.
The two-headed ogre shouts in stereo!
The two-headed ogre hits you with a +0 giant club!
You focus on the pain.
You feel agile all of a sudden.
The two-headed ogre hits you with a +0 giant club!
You take 24 damage, and have 28/52 hp.
MASSIVE DAMAGE!!
You slash the two-headed ogre!
The two-headed ogre is lightly wounded.
The two-headed ogre is engulfed in blazing flames.
You block the two-headed ogre's attack.
The two-headed ogre hits you with a +0 giant club!!
* * * LOW HITPOINT WARNING * * *
You take 21 damage, and have 7/52 hp.
MASSIVE DAMAGE!!
You barely miss the two-headed ogre.
The two-headed ogre is moderately wounded.
The two-headed ogre is engulfed in blazing flames.
You barely miss the two-headed ogre.
The two-headed ogre is heavily wounded.
The two-headed ogre is engulfed in blazing flames.
The two-headed ogre hits you with a +0 giant club!
You die...

....###.....# .
#...#.!... .. #....... #
## ... #.....### # ...
.. ....##...<...# #
..##...........).)..#
##...............°....#
##............##O.#....#
#.............##@°##.###
........# #......# ##
.......# #####....#
......# ##...##..##
......###......#.#
##....##.........#
##...##...#....##
#.#..#.......##
#..#.##.......#


You could see a two-headed ogre.

Vanquished Creatures
  Sigmund (D:4)
  A steam dragon (D:4)
  A phantom (D:4)
  A centaur (D:5)
  2 scorpions (D:5)
  Ijyb (D:4)
  A sleepcap (D:5)
  A statue (D:3)
  A mummy (D:5)
  5 adders
  A white imp (D:5)
  A worm (D:3)
  2 dart slugs (D:5)
  6 orcs
  4 ball pythons
  4 bats
  11 endoplasms
  2 giant cockroaches
  A goblin (D:2)
  5 hobgoblins
  9 jackals (D:2)
  4 quokkas
  3 frilled lizards
  3 kobolds
  6 rats
77 creatures vanquished.

Notes
Turn   | Place    | Note
-------+----------+-------------------------------------------
     0 | D:1      | Dirtsage the Demonspawn Fighter began the quest for the
                  | Orb.
     0 | D:1      | Reached XP level 1. HP: 18/18 MP: 1/1
    21 | D:1      | Reached skill level 2 in Axes
   337 | D:1      | Gained mutation: You sometimes gain a little power by
                  | taking damage. [demonic ancestry]
   337 | D:1      | Reached XP level 2. HP: 24/24 MP: 2/2
   683 | D:2      | Found a faded altar of an unknown god.
   796 | D:2      | Reached skill level 3 in Axes
   847 | D:2      | Reached XP level 3. HP: 23/29 MP: 3/3
  1823 | D:3      | Reached skill level 4 in Axes
  1823 | D:3      | Gained mutation: Your demonic aura sometimes causes spilled
                  | blood to erupt in flames. [demonic ancestry]
  1823 | D:3      | Reached XP level 4. HP: 35/35 MP: 4/4
  1937 | D:3      | Found a radiant altar of Vehumet.
  1937 | D:3      | Noticed a charred statue
  1951 | D:3      | Killed a charred statue
  2610 | D:4      | Identified a scroll of acquirement
  2660 | D:4      | Found an ancient bone altar of Kikubaaqudgha.
  2661 | D:4      | Acquired 846 gold pieces
  2664 | D:4      | Found an opulent altar of Gozag.
  2667 | D:4      | Acquired a manual of Axes
  2711 | D:4      | Noticed Ijyb
  2831 | D:4      | Noticed a phantom
  2852 | D:4      | Noticed a steam dragon
  2968 | D:4      | Identified the +0 ring mail of the Heron {rF- rC+ Str+4}
  3070 | D:4      | Killed a phantom
  3071 | D:4      | Reached skill level 5 in Axes
  3071 | D:4      | Gained mutation: Your demonic aura often causes spilled
                  | blood to erupt in flames. [demonic ancestry]
  3071 | D:4      | Reached XP level 5. HP: 39/41 MP: 5/5
  3099 | D:4      | Noticed Sigmund
  3181 | D:4      | Reached skill level 6 in Axes
  3277 | D:4      | Killed Sigmund
  3278 | D:4      | Reached skill level 7 in Axes
  3278 | D:4      | Reached XP level 6. HP: 15/47 MP: 6/6
  3578 | D:4      | Killed a steam dragon
  3579 | D:4      | Reached skill level 8 in Axes
  3736 | D:4      | Killed Ijyb
  3737 | D:4      | Gained mutation: You have a pair of small horns on your
                  | head. [demonic ancestry]
  3737 | D:4      | Reached XP level 7. HP: 52/52 MP: 7/7
  3895 | D:5      | Entered Level 5 of the Dungeon
  3905 | D:5      | Reached skill level 9 in Axes
  4074 | D:5      | Found a hazy altar of Hepliaklqana.
  4119 | D:5      | Found a snail-covered altar of Cheibriados.
  4129 | D:5      | Reached skill level 10 in Axes
  4193 | D:5      | Noticed a two-headed ogre
  4200 | D:5      | Mangled by a two-headed ogre

Illustrated notes

Levels and vault maps discovered:
D:1:      mrwooster_arrival_arrow, layout_basic, serial_bayou_lake_a
D:2:      layout_basic, ebering_ecumenical_altar_box, eino_curves_04
D:3:      layout_loops_ring, vehumet_statue
D:4:      layout_loops_corners, grunt_temple_overflow_open, uniq_ijyb,
          uniq_sigmund
D:5:      layout_cave_pools, slow_altar_1, mainiacjoe_overflow_swirl,
          mainiacjoe_sewer_entry_somewhere_in_here_1, serial_shops,
          nicolae_shop_mannequins, minmay_crystal_water, minmay_manual_moon,
          uniq_crazy_yiuf_cottage

Skill      XL: |  1  2  3  4  5  6  7 |
---------------+----------------------+-----
Axes           | 2 3 4 5 7 8 10 | 10.3
Fighting       | |  3.0
Armour         | |  2.6
Shields        | |  2.6

Action                     |  1- 3 |  4- 6 |  7- 9 || total
---------------------------+-------+-------+-------++-------
  Melee: War axe           |   103 |   103 |    32 ||   238
         Unarmed           |       |     6 |       ||     6
         Headbutt          |       |       |     4 ||     4
    Use: Scroll            |       |     6 |       ||     6
         Potion            |       |     1 |       ||     1
 Armour: Scale mail        |    85 |    51 |    26 ||   162
         Skin              |       |     7 |       ||     7
  Dodge: Dodged            |    66 |    46 |    16 ||   128
  Block: Buckler           |    28 |    20 |     7 ||    55

Table legend: (Time is in decaauts)
 A = Elapsed time spent in this place.
 B = Non-inter-level travel time spent in this place.
 C = Inter-level travel time spent in this place.
 D = Time resting spent in this place.
 E = Time spent auto-exploring this place.
 F = Levels seen in this place.
 G = Mean time per level.
                   A        B        C        D        E       F      G
               +--------+--------+--------+--------+--------+-----+--------+
         Total |   4260 |   4134 |    126 |    398 |   2908 |   5 |  852.0 |
       Dungeon |   4260 |   4134 |    126 |    398 |   2908 |   5 |  852.0 |
               +--------+--------+--------+--------+--------+-----+--------+

Top non-repeatable levels by time:
     D:4: 1396 daAuts
     D:2: 1277 daAuts
     D:3: 786 daAuts
     D:1: 596 daAuts
     D:5: 204 daAuts
